Connexion

SAN JOSE Sharks vs ST. LOUIS Blues

Created - 1 décembre 2023 at 05:52

Goals
1 2 3 T
SAN JOSE Sharks 1 2 1 4
ST. LOUIS Blues 4 0 2 6
Shots
1 2 3 T
SAN JOSE Sharks 10 9 8 27
ST. LOUIS Blues 14 7 9 30

GoalsPenalties
1st period
1. ST. LOUIS Blues , Jaden Schwartz 15 (Brayden McNabb 9, Brendan Gallagher 21) at 2:13
2. ST. LOUIS Blues , Phillip Danault 12 (Dominic Kubalik 9, James Neal 16) at 6:04 (PP)
3. ST. LOUIS Blues , Justin Schultz 12 (David Perron 14, Craig Smith 7) at 12:43
4. ST. LOUIS Blues , Jaden Schwartz 16 (Justin Schultz 31, Jonas Brodin 14) at 14:24
5. SAN JOSE Sharks , Zemgus Girgensons 19 (Christian Jaros 17) at 18:05
Tom Wilson (S.J) for High sticking (Minor) at 5:11
Nathan Beaulieu (S.J) for Diving (Minor) at 14:41
Phillip Danault (STL) for Delaying the game (Minor) at 19:40
Rasmus Ristolainen (S.J) for Tripping (Minor) at 19:40
2nd period
6. SAN JOSE Sharks , Connor Brown 6 (Tom Wilson 17, Mike Hoffman 13) at 13:45
7. SAN JOSE Sharks , Derek Stepan 17 (Marcus Pettersson 26) at 14:19
Erik Haula (S.J) for Tripping (Minor) at 4:25
Marcus Pettersson (S.J) for Tripping (Minor) at 9:35
Marcus Foligno (STL) for Roughing (Minor) at 11:42
3rd period
8. ST. LOUIS Blues , Brendan Gallagher 16 (Jeremy Lauzon 7, Phillip Danault 27) at 9:24
9. SAN JOSE Sharks , Derek Stepan 18 (Ondrej Palat 28, Zemgus Girgensons 24) at 11:59 (PP)
10. ST. LOUIS Blues , Justin Schultz 13 (Craig Smith 8, Phillip Danault 28) at 19:32 (Empty Net)
Michael McLeod (S.J) for Holding (Minor) at 4:10
Brayden McNabb (STL) for Roughing (Minor) at 10:12
Goalie Stats
Brian Elliott (S.J), 22 saves from 23 shots - (0,957), L, 5-11-1, 45:28 minutes
Jake Oettinger (S.J), 2 saves from 6 shots - (0,333), 14:24 minutes
Mackenzie Blackwood (STL), 23 saves from 27 shots - (0,852), W, 24-7-2, 60:00 minutes
3 StarsOfficial
1 - Justin Schultz (STL)
2 - Phillip Danault (STL)
3 - Jaden Schwartz (STL)
Referees : Dennis LaRue and Marc Joannette
Linesman : Scott Cherrey and Tim Nowak
Game Note
Brian Elliott enters game at 14:24 of 1st period
Justin Schultz has scored in a empty net!
Finance
Level 1 -- Attendance: 6000 (100,00%) -- Ticket Income $780,000
Level 2 -- Attendance: 4995 (81,22%) -- Ticket Income $379,620
Level 3 -- Attendance: 2000 (100,00%) -- Ticket Income $116,000
Level 4 -- Attendance: 4000 (100,00%) -- Ticket Income $148,000
Luxury Box -- Attendance: 1000 (100,00%) -- Ticket Income $280,000
Game was played at the Scottrade Center.
Total Attendance: 17995 (93,97%)
Total Ticket Income: $1,703,620
Other Income: $340,724
Total Income: $2,044,344



Team Name Goals Shots Shots Attemp Shots Blocked PIM HIT PP PK FO%
SAN JOSE Sharks 427611412251 / 2 (50%)154%
ST. LOUIS Blues 6308296151 / 5 (20%)146%

SAN JOSE Sharks
Player Name POS G A P +/- PIM HIT SHT SB MP PP MP PP SHT PK MP PK SHT FO% FOT
Brendan PerliniLW/RW000000204:230:0000:0000% 0
Christian JarosD0111001120:051:5203:4700% 0
Cody CeciD000-1001114:470:0000:4400% 0
Connor BrownRW1011002110:080:0000:0000% 0
Derek StepanC/LW/RW2020003121:181:3112:50075% 4
Erik HaulaC/LW0001210010:070:0000:00067% 12
Josh AndersonRW000001004:230:0000:0000% 0
Lucas RaymondLW0001001010:080:0000:0000% 0
Marcus PetterssonD011-2223025:431:5423:3700% 0
Michael McLeodC000023004:220:0000:00050% 6
Mike HoffmanC/LW011-3000016:272:1500:0000% 0
Nathan BeaulieuD0001230419:221:5203:0500% 0
Ondrej PalatLW0110004125:581:3105:59150% 2
Rasmus RistolainenD000-2250125:511:5405:0200% 0
Sean Couturier C000-3001116:272:1500:00065% 23
Tom WilsonRW011-3243119:302:1502:5000% 2
Vincent DesharnaisD000-1040214:090:0001:2300% 0
Zemgus GirgensonsC/LW/RW1120026025:581:3105:59047% 47
ST. LOUIS Blues
Player Name POS G A P +/- PIM HIT SHT SB MP PP MP PP SHT PK MP PK SHT FO% FOT
Brayden McNabbD011-2232317:290:0000:3500% 0
Brendan GallagherRW1122003017:274:1810:000100% 1
Craig SmithC/RW0222001112:550:0001:48036% 22
David PerronC/LW/RW0111001015:424:3100:0000% 3
Dominic KubalikLW011-2041120:024:3100:000100% 2
Dylan LarkinC/LW000-2004021:154:1810:00047% 34
Jaden SchwartzLW2022003016:504:1400:0000% 0
Jake LeschyshynC000000006:120:0000:00038% 8
James NealLW/RW0111001015:134:3500:0000% 0
Jeremy LauzonD0111011012:080:0000:5000% 0
Jesper BrattLW/RW000-2003022:014:1820:46050% 2
Jonas BrodinD0113010121:330:0002:2100% 0
Justin SchultzD2133016125:474:1432:2100% 0
Luke SchennD0001001111:180:0000:0000% 0
Marcus FolignoLW000121108:130:0001:3300% 0
Matthew HighmoreC/LW/RW000000006:260:0000:1400% 1
Phillip DanaultC1233232020:464:3113:11057% 23
Zach WhitecloudD000-2010122:554:3501:2500% 0



Play-by-Play

1st period


0:01 of 1st period - Zemgus Girgensons wins face-off versus Dylan Larkin in neutral zone.
0:08 of 1st period - Shot by Ondrej Palat.
0:08 of 1st period - Stopped by Mackenzie Blackwood without a rebound.
0:09 of 1st period - Phillip Danault wins face-off versus Sean Couturier in ST. LOUIS Blues zone.
0:13 of 1st period - Off-side.
0:14 of 1st period - Craig Smith wins face-off versus Erik Haula in neutral zone.
0:19 of 1st period - Shot by Lucas Raymond.
0:19 of 1st period - Shot Misses the Net.
0:21 of 1st period - Shot by Connor Brown.
0:21 of 1st period - Stopped by Mackenzie Blackwood with a rebound.
1:28 of 1st period - Icing by Rasmus Ristolainen.
1:29 of 1st period - Zemgus Girgensons wins face-off versus Phillip Danault in SAN JOSE Sharks zone.
2:09 of 1st period - Shot by Brendan Gallagher.
2:09 of 1st period - Shot Misses the Net.
2:13 of 1st period - Shot by Jaden Schwartz.
2:13 of 1st period - Goal by Jaden Schwartz - SAN JOSE Sharks : 0 - ST. LOUIS Blues : 1.
2:14 of 1st period - Dylan Larkin wins face-off versus Sean Couturier in neutral zone.
2:14 of 1st period - Jesper Bratt is hit by Tom Wilson and loses puck.
3:25 of 1st period - Shot by Brendan Perlini.
3:25 of 1st period - Stopped by Mackenzie Blackwood without a rebound.
3:26 of 1st period - Zemgus Girgensons wins face-off versus Jake Leschyshyn in ST. LOUIS Blues zone.
4:41 of 1st period - Shot by Jaden Schwartz.
4:41 of 1st period - Stopped by Jake Oettinger with a rebound.
5:06 of 1st period - Icing by Jeremy Lauzon.
5:07 of 1st period - Phillip Danault wins face-off versus Sean Couturier in ST. LOUIS Blues zone.
5:07 of 1st period - Phillip Danault is hit by Tom Wilson.
5:10 of 1st period - Brendan Gallagher is hit by Tom Wilson and loses puck.
5:11 of 1st period - Minor Penalty to Tom Wilson for High sticking.
5:12 of 1st period - Dylan Larkin wins face-off versus Ondrej Palat in SAN JOSE Sharks zone.
5:33 of 1st period - Shot by Brendan Gallagher.
5:33 of 1st period - Shot Misses the Net.
5:35 of 1st period - Shot by Justin Schultz.
5:35 of 1st period - Shot Blocked by Nathan Beaulieu.
5:37 of 1st period - Shot by Jaden Schwartz.
5:37 of 1st period - Shot Blocked by Nathan Beaulieu.
5:39 of 1st period - Shot by Dylan Larkin.
5:39 of 1st period - Shot Misses the Net.
5:43 of 1st period - Shot by Jaden Schwartz.
5:43 of 1st period - Shot Misses the Net.
6:01 of 1st period - Dominic Kubalik is hit by Nathan Beaulieu and loses puck.
6:04 of 1st period - Shot by Phillip Danault.
6:04 of 1st period - Goal by Phillip Danault - SAN JOSE Sharks : 0 - ST. LOUIS Blues : 2.
6:05 of 1st period - Jake Leschyshyn wins face-off versus Sean Couturier in neutral zone.
6:33 of 1st period - Icing by Luke Schenn.
6:34 of 1st period - Erik Haula wins face-off versus Jake Leschyshyn in ST. LOUIS Blues zone.
7:22 of 1st period - Shot by Dylan Larkin.
7:22 of 1st period - Shot Misses the Net.
7:24 of 1st period - Shot by Dylan Larkin.
7:24 of 1st period - Deflect By Jesper Bratt.
7:24 of 1st period - Shot Misses the Net.
7:33 of 1st period - Dylan Larkin is hit by Vincent Desharnais and loses puck.
8:27 of 1st period - Shot by Zemgus Girgensons.
8:27 of 1st period - Stopped by Mackenzie Blackwood without a rebound.
8:28 of 1st period - Sean Couturier wins face-off versus Craig Smith in ST. LOUIS Blues zone.
8:31 of 1st period - Shot by Tom Wilson.
8:31 of 1st period - Stopped by Mackenzie Blackwood with a rebound.
8:49 of 1st period - Shot by James Neal.
8:49 of 1st period - Shot Misses the Net.
9:22 of 1st period - Justin Schultz is hit by Tom Wilson.
10:59 of 1st period - Brayden McNabb is hit by Vincent Desharnais and loses puck.
11:02 of 1st period - Shot by Brayden McNabb.
11:02 of 1st period - Deflect By Jesper Bratt.
11:02 of 1st period - Shot Blocked by Vincent Desharnais.
11:04 of 1st period - Shot by Dylan Larkin.
11:04 of 1st period - Stopped by Jake Oettinger without a rebound.
11:05 of 1st period - Erik Haula wins face-off versus Craig Smith in SAN JOSE Sharks zone.
11:26 of 1st period - Shot by Connor Brown.
11:26 of 1st period - Shot Misses the Net.
11:28 of 1st period - Shot by Marcus Pettersson.
11:28 of 1st period - Shot Hit the Post.
11:30 of 1st period - Shot by Lucas Raymond.
11:30 of 1st period - Shot Misses the Net.
11:32 of 1st period - Shot by Erik Haula.
11:32 of 1st period - Shot Blocked by Craig Smith.
11:34 of 1st period - Shot by Lucas Raymond.
11:34 of 1st period - Shot Misses the Net.
11:38 of 1st period - Shot by Connor Brown.
11:38 of 1st period - Shot Misses the Net.
11:40 of 1st period - Shot by Lucas Raymond.
11:40 of 1st period - Stopped by Mackenzie Blackwood without a rebound.
11:41 of 1st period - Sean Couturier wins face-off versus Dylan Larkin in ST. LOUIS Blues zone.
11:49 of 1st period - Icing by Zach Whitecloud.
11:50 of 1st period - Zemgus Girgensons wins face-off versus Dylan Larkin in ST. LOUIS Blues zone.
11:50 of 1st period - Zemgus Girgensons is hit by Brayden McNabb.
11:55 of 1st period - Icing by Brayden McNabb.
11:56 of 1st period - Zemgus Girgensons wins face-off versus Dylan Larkin in ST. LOUIS Blues zone.
12:05 of 1st period - Shot by Zemgus Girgensons.
12:05 of 1st period - Deflect By Ondrej Palat.
12:05 of 1st period - Shot Blocked by Zach Whitecloud.
12:07 of 1st period - Shot by Zemgus Girgensons.
12:07 of 1st period - Shot Misses the Net.
12:09 of 1st period - Shot by Christian Jaros.
12:09 of 1st period - Shot Misses the Net.
12:11 of 1st period - Shot by Ondrej Palat.
12:11 of 1st period - Stopped by Mackenzie Blackwood with a rebound.
12:13 of 1st period - Shot by Christian Jaros.
12:13 of 1st period - Stopped by Mackenzie Blackwood with a rebound.
12:15 of 1st period - Shot by Zemgus Girgensons.
12:15 of 1st period - Stopped by Mackenzie Blackwood without a rebound.
12:16 of 1st period - Sean Couturier wins face-off versus David Perron in ST. LOUIS Blues zone.
12:43 of 1st period - Shot by Justin Schultz.
12:43 of 1st period - Goal by Justin Schultz - SAN JOSE Sharks : 0 - ST. LOUIS Blues : 3.
12:44 of 1st period - Ondrej Palat wins face-off versus Dylan Larkin in neutral zone.
12:55 of 1st period - Shot by Zemgus Girgensons.
12:55 of 1st period - Deflect By Ondrej Palat.
12:55 of 1st period - Shot Blocked by Brayden McNabb.
13:07 of 1st period - Shot by Jesper Bratt.
13:07 of 1st period - Shot Misses the Net.
13:21 of 1st period - Shot by Jesper Bratt.
13:21 of 1st period - Shot Blocked by Derek Stepan.
14:24 of 1st period - Shot by Jaden Schwartz.
14:24 of 1st period - Goal by Jaden Schwartz - SAN JOSE Sharks : 0 - ST. LOUIS Blues : 4.
14:24 of 1st period - Brian Elliott enters game.
14:25 of 1st period - Erik Haula wins face-off versus Craig Smith in neutral zone.
14:28 of 1st period - James Neal is hit by Erik Haula and loses puck.
14:35 of 1st period - Shot by Craig Smith.
14:35 of 1st period - Stopped by Brian Elliott without a rebound.
14:36 of 1st period - Michael McLeod wins face-off versus Jake Leschyshyn in SAN JOSE Sharks zone.
14:38 of 1st period - Icing by Josh Anderson.
14:39 of 1st period - Craig Smith wins face-off versus Michael McLeod in SAN JOSE Sharks zone.
14:41 of 1st period - Minor Penalty to Nathan Beaulieu for Diving.
14:42 of 1st period - Dylan Larkin wins face-off versus Zemgus Girgensons in SAN JOSE Sharks zone.
14:57 of 1st period - Shot by Dylan Larkin.
14:57 of 1st period - Shot Misses the Net.
14:59 of 1st period - Shot by Brendan Gallagher.
14:59 of 1st period - Stopped by Brian Elliott without a rebound.
15:00 of 1st period - Zemgus Girgensons wins face-off versus Phillip Danault in SAN JOSE Sharks zone.
16:06 of 1st period - Icing by Jesper Bratt.
16:07 of 1st period - Dylan Larkin wins face-off versus Zemgus Girgensons in ST. LOUIS Blues zone.
16:15 of 1st period - Off-side.
16:16 of 1st period - Dylan Larkin wins face-off versus Derek Stepan in neutral zone.
16:19 of 1st period - Shot by Justin Schultz.
16:19 of 1st period - Shot Misses the Net.
16:21 of 1st period - Shot by Justin Schultz.
16:21 of 1st period - Stopped by Brian Elliott without a rebound.
16:22 of 1st period - Dylan Larkin wins face-off versus Zemgus Girgensons in SAN JOSE Sharks zone.
16:29 of 1st period - Shot by Jaden Schwartz.
16:29 of 1st period - Shot Misses the Net.
16:31 of 1st period - Shot by Jesper Bratt.
16:31 of 1st period - Shot Blocked by Rasmus Ristolainen.
16:46 of 1st period - Off-side.
16:47 of 1st period - Sean Couturier wins face-off versus Craig Smith in neutral zone.
17:00 of 1st period - Shot by James Neal.
17:00 of 1st period - Shot Blocked by Tom Wilson.
17:02 of 1st period - Shot by David Perron.
17:02 of 1st period - Shot Misses the Net.
17:04 of 1st period - Shot by Craig Smith.
17:04 of 1st period - Deflect By James Neal.
17:04 of 1st period - Stopped by Brian Elliott without a rebound.
17:05 of 1st period - Erik Haula wins face-off versus Dylan Larkin in SAN JOSE Sharks zone.
17:05 of 1st period - Erik Haula is hit by Dominic Kubalik.
17:12 of 1st period - Lucas Raymond is hit by Dominic Kubalik and loses puck.
17:39 of 1st period - Shot by Dominic Kubalik.
17:39 of 1st period - Shot Misses the Net.
17:41 of 1st period - Shot by Jonas Brodin.
17:41 of 1st period - Shot Misses the Net.
17:43 of 1st period - Shot by Dominic Kubalik.
17:43 of 1st period - Stopped by Brian Elliott with a rebound.
17:45 of 1st period - Shot by Dominic Kubalik.
17:45 of 1st period - Shot Blocked by Connor Brown.
17:47 of 1st period - Shot by Jesper Bratt.
17:47 of 1st period - Shot Misses the Net.
17:49 of 1st period - Shot by Dylan Larkin.
17:49 of 1st period - Stopped by Brian Elliott without a rebound.
17:50 of 1st period - Brendan Gallagher wins face-off versus Zemgus Girgensons in SAN JOSE Sharks zone.
18:05 of 1st period - Shot by Zemgus Girgensons.
18:05 of 1st period - Goal by Zemgus Girgensons - SAN JOSE Sharks : 1 - ST. LOUIS Blues : 4.
18:06 of 1st period - Sean Couturier wins face-off versus Craig Smith in neutral zone.
18:28 of 1st period - Shot by Craig Smith.
18:28 of 1st period - Shot Misses the Net.
18:30 of 1st period - Shot by Jeremy Lauzon.
18:30 of 1st period - Stopped by Brian Elliott without a rebound.
18:31 of 1st period - Dylan Larkin wins face-off versus Zemgus Girgensons in SAN JOSE Sharks zone.
18:31 of 1st period - Dylan Larkin is hit by Marcus Pettersson.
18:38 of 1st period - Jesper Bratt is hit by Rasmus Ristolainen.
18:43 of 1st period - Icing by Rasmus Ristolainen.
18:44 of 1st period - Phillip Danault wins face-off versus Zemgus Girgensons in SAN JOSE Sharks zone.
18:44 of 1st period - Phillip Danault is hit by Rasmus Ristolainen.
18:46 of 1st period - Shot by Brendan Gallagher.
18:46 of 1st period - Stopped by Brian Elliott with a rebound.
18:48 of 1st period - Shot by Zach Whitecloud.
18:48 of 1st period - Shot Misses the Net.
19:03 of 1st period - Icing by Marcus Pettersson.
19:04 of 1st period - Dylan Larkin wins face-off versus Zemgus Girgensons in SAN JOSE Sharks zone.
19:22 of 1st period - Icing by Zemgus Girgensons.
19:23 of 1st period - Phillip Danault wins face-off versus Zemgus Girgensons in SAN JOSE Sharks zone.
19:23 of 1st period - Phillip Danault is hit by Rasmus Ristolainen.
19:38 of 1st period - Phillip Danault is hit by Rasmus Ristolainen and loses puck.
19:40 of 1st period - Minor Penalty to Phillip Danault for Delaying the game.
19:40 of 1st period - Minor Penalty to Rasmus Ristolainen for Tripping.
19:41 of 1st period - Dylan Larkin wins face-off versus Zemgus Girgensons in SAN JOSE Sharks zone.
Goals for this period are 1 for SAN JOSE Sharks vs 4 for ST. LOUIS Blues .
Shots for this period are 10 for SAN JOSE Sharks vs 14 for ST. LOUIS Blues .

2nd period


0:01 of 2nd period - Zemgus Girgensons wins face-off versus Dylan Larkin in neutral zone.
0:07 of 2nd period - Icing by Dylan Larkin.
0:08 of 2nd period - Dylan Larkin wins face-off versus Zemgus Girgensons in ST. LOUIS Blues zone.
1:04 of 2nd period - Icing by Cody Ceci.
1:05 of 2nd period - Zemgus Girgensons wins face-off versus David Perron in SAN JOSE Sharks zone.
1:19 of 2nd period - Icing by Zach Whitecloud.
1:20 of 2nd period - Derek Stepan wins face-off versus David Perron in ST. LOUIS Blues zone.
1:30 of 2nd period - Shot by Tom Wilson.
1:30 of 2nd period - Stopped by Mackenzie Blackwood without a rebound.
1:31 of 2nd period - Zemgus Girgensons wins face-off versus Dylan Larkin in ST. LOUIS Blues zone.
1:42 of 2nd period - Shot by Zemgus Girgensons.
1:42 of 2nd period - Stopped by Mackenzie Blackwood without a rebound.
1:43 of 2nd period - Sean Couturier wins face-off versus Phillip Danault in ST. LOUIS Blues zone.
1:46 of 2nd period - Shot by Sean Couturier .
1:46 of 2nd period - Stopped by Mackenzie Blackwood without a rebound.
1:47 of 2nd period - Sean Couturier wins face-off versus Dylan Larkin in ST. LOUIS Blues zone.
2:28 of 2nd period - Shot by Sean Couturier .
2:28 of 2nd period - Shot Misses the Net.
2:33 of 2nd period - Off-side.
2:34 of 2nd period - Zemgus Girgensons wins face-off versus Phillip Danault in neutral zone.
3:36 of 2nd period - Off-side.
3:37 of 2nd period - Craig Smith wins face-off versus Sean Couturier in neutral zone.
3:58 of 2nd period - Justin Schultz is hit by Nathan Beaulieu and loses puck.
4:25 of 2nd period - Minor Penalty to Erik Haula for Tripping.
4:26 of 2nd period - Dylan Larkin wins face-off versus Zemgus Girgensons in SAN JOSE Sharks zone.
4:43 of 2nd period - Shot by Jesper Bratt.
4:43 of 2nd period - Stopped by Brian Elliott without a rebound.
4:44 of 2nd period - Phillip Danault wins face-off versus Zemgus Girgensons in SAN JOSE Sharks zone.
5:18 of 2nd period - Icing by Dominic Kubalik.
5:19 of 2nd period - Phillip Danault wins face-off versus Zemgus Girgensons in ST. LOUIS Blues zone.
5:24 of 2nd period - Zach Whitecloud is hit by Zemgus Girgensons and loses puck.
5:35 of 2nd period - Marcus Pettersson is hit by Dominic Kubalik and loses puck.
5:50 of 2nd period - Shot by Justin Schultz.
5:50 of 2nd period - Shot Misses the Net.
5:52 of 2nd period - Shot by Dylan Larkin.
5:52 of 2nd period - Shot Blocked by Nathan Beaulieu.
6:12 of 2nd period - Shot by Jesper Bratt.
6:12 of 2nd period - Stopped by Brian Elliott without a rebound.
6:13 of 2nd period - Zemgus Girgensons wins face-off versus Dylan Larkin in SAN JOSE Sharks zone.
7:13 of 2nd period - Vincent Desharnais is hit by Marcus Foligno and loses puck.
7:27 of 2nd period - Icing by Jeremy Lauzon.
7:28 of 2nd period - Jake Leschyshyn wins face-off versus Zemgus Girgensons in ST. LOUIS Blues zone.
7:37 of 2nd period - Shot by Zemgus Girgensons.
7:37 of 2nd period - Shot Blocked by Luke Schenn.
7:39 of 2nd period - Shot by Ondrej Palat.
7:39 of 2nd period - Shot Misses the Net.
7:49 of 2nd period - Shot by Zemgus Girgensons.
7:49 of 2nd period - Shot Misses the Net.
7:51 of 2nd period - Shot by Zemgus Girgensons.
7:51 of 2nd period - Shot Misses the Net.
8:05 of 2nd period - Shot by Ondrej Palat.
8:05 of 2nd period - Stopped by Mackenzie Blackwood with a rebound.
8:07 of 2nd period - Shot by Ondrej Palat.
8:07 of 2nd period - Shot Misses the Net.
8:09 of 2nd period - Shot by Derek Stepan.
8:09 of 2nd period - Shot Misses the Net.
8:11 of 2nd period - Shot by Ondrej Palat.
8:11 of 2nd period - Deflect By Zemgus Girgensons.
8:11 of 2nd period - Shot Misses the Net.
8:13 of 2nd period - Shot by Zemgus Girgensons.
8:13 of 2nd period - Stopped by Mackenzie Blackwood without a rebound.
8:14 of 2nd period - Sean Couturier wins face-off versus Dylan Larkin in ST. LOUIS Blues zone.
8:37 of 2nd period - Shot by Justin Schultz.
8:37 of 2nd period - Shot Misses the Net.
8:39 of 2nd period - Shot by Jonas Brodin.
8:39 of 2nd period - Shot Misses the Net.
8:41 of 2nd period - Shot by Justin Schultz.
8:41 of 2nd period - Shot Blocked by Christian Jaros.
8:43 of 2nd period - Shot by Dylan Larkin.
8:43 of 2nd period - Shot Blocked by Nathan Beaulieu.
8:49 of 2nd period - Shot by Dylan Larkin.
8:49 of 2nd period - Shot Misses the Net.
9:18 of 2nd period - Brendan Gallagher is hit by Michael McLeod and loses puck.
9:29 of 2nd period - Shot by Brendan Gallagher.
9:29 of 2nd period - Shot Misses the Net.
9:31 of 2nd period - Shot by Jaden Schwartz.
9:31 of 2nd period - Shot Misses the Net.
9:33 of 2nd period - Shot by Phillip Danault.
9:33 of 2nd period - Stopped by Brian Elliott without a rebound.
9:34 of 2nd period - Craig Smith wins face-off versus Zemgus Girgensons in SAN JOSE Sharks zone.
9:34 of 2nd period - Craig Smith is hit by Rasmus Ristolainen.
9:35 of 2nd period - Minor Penalty to Marcus Pettersson for Tripping.
9:36 of 2nd period - Zemgus Girgensons wins face-off versus Phillip Danault in SAN JOSE Sharks zone.
9:51 of 2nd period - Shot by Ondrej Palat.
9:51 of 2nd period - Stopped by Mackenzie Blackwood with a rebound.
10:50 of 2nd period - Shot by Jaden Schwartz.
10:50 of 2nd period - Shot Misses the Net.
10:58 of 2nd period - Shot by Jaden Schwartz.
10:58 of 2nd period - Shot Blocked by Cody Ceci.
11:00 of 2nd period - Shot by Jesper Bratt.
11:00 of 2nd period - Shot Misses the Net.
11:15 of 2nd period - Icing by Phillip Danault.
11:16 of 2nd period - Phillip Danault wins face-off versus Zemgus Girgensons in ST. LOUIS Blues zone.
11:30 of 2nd period - Phillip Danault is hit by Nathan Beaulieu.
11:41 of 2nd period - Icing by Cody Ceci.
11:42 of 2nd period - Erik Haula wins face-off versus Jake Leschyshyn in SAN JOSE Sharks zone.
11:42 of 2nd period - Minor Penalty to Marcus Foligno for Roughing.
11:43 of 2nd period - Phillip Danault wins face-off versus Sean Couturier in ST. LOUIS Blues zone.
12:00 of 2nd period - Shot by Tom Wilson.
12:00 of 2nd period - Shot Blocked by Justin Schultz.
12:27 of 2nd period - Icing by Tom Wilson.
12:28 of 2nd period - Sean Couturier wins face-off versus Craig Smith in SAN JOSE Sharks zone.
12:32 of 2nd period - Off-side.
12:33 of 2nd period - Zemgus Girgensons wins face-off versus Phillip Danault in neutral zone.
12:48 of 2nd period - Shot by Marcus Pettersson.
12:48 of 2nd period - Stopped by Mackenzie Blackwood without a rebound.
12:49 of 2nd period - Zemgus Girgensons wins face-off versus Craig Smith in ST. LOUIS Blues zone.
13:09 of 2nd period - Icing by Zemgus Girgensons.
13:10 of 2nd period - Zemgus Girgensons wins face-off versus Phillip Danault in SAN JOSE Sharks zone.
13:10 of 2nd period - Zemgus Girgensons is hit by Phillip Danault.
13:21 of 2nd period - Off-side.
13:22 of 2nd period - Phillip Danault wins face-off versus Sean Couturier in neutral zone.
13:45 of 2nd period - Shot by Connor Brown.
13:45 of 2nd period - Goal by Connor Brown - SAN JOSE Sharks : 2 - ST. LOUIS Blues : 4.
13:46 of 2nd period - Dominic Kubalik wins face-off versus Zemgus Girgensons in neutral zone.
14:06 of 2nd period - Zemgus Girgensons is hit by Dominic Kubalik and loses puck.
14:17 of 2nd period - Shot by Marcus Pettersson.
14:17 of 2nd period - Shot Blocked by Dominic Kubalik.
14:19 of 2nd period - Shot by Derek Stepan.
14:19 of 2nd period - Goal by Derek Stepan - SAN JOSE Sharks : 3 - ST. LOUIS Blues : 4.
14:20 of 2nd period - Sean Couturier wins face-off versus Craig Smith in neutral zone.
14:53 of 2nd period - Shot by David Perron.
14:53 of 2nd period - Stopped by Brian Elliott without a rebound.
14:54 of 2nd period - Phillip Danault wins face-off versus Erik Haula in SAN JOSE Sharks zone.
15:26 of 2nd period - Off-side.
15:27 of 2nd period - Dylan Larkin wins face-off versus Zemgus Girgensons in neutral zone.
15:27 of 2nd period - Justin Schultz is hit by Zemgus Girgensons and loses puck.
15:38 of 2nd period - Shot by Dominic Kubalik.
15:38 of 2nd period - Shot Misses the Net.
15:40 of 2nd period - Shot by Dylan Larkin.
15:40 of 2nd period - Stopped by Brian Elliott without a rebound.
15:41 of 2nd period - Craig Smith wins face-off versus Tom Wilson in SAN JOSE Sharks zone.
15:44 of 2nd period - Shot by David Perron.
15:44 of 2nd period - Shot Misses the Net.
15:46 of 2nd period - Shot by Craig Smith.
15:46 of 2nd period - Shot Misses the Net.
15:48 of 2nd period - Shot by Craig Smith.
15:48 of 2nd period - Shot Misses the Net.
15:50 of 2nd period - Shot by Luke Schenn.
15:50 of 2nd period - Stopped by Brian Elliott without a rebound.
15:51 of 2nd period - Dylan Larkin wins face-off versus Zemgus Girgensons in SAN JOSE Sharks zone.
15:55 of 2nd period - Icing by Derek Stepan.
15:56 of 2nd period - Zemgus Girgensons wins face-off versus Dylan Larkin in SAN JOSE Sharks zone.
17:01 of 2nd period - Shot by Brendan Gallagher.
17:01 of 2nd period - Shot Misses the Net.
17:14 of 2nd period - Icing by Rasmus Ristolainen.
17:15 of 2nd period - Craig Smith wins face-off versus Zemgus Girgensons in SAN JOSE Sharks zone.
17:27 of 2nd period - Off-side.
17:28 of 2nd period - Sean Couturier wins face-off versus Matthew Highmore in neutral zone.
17:36 of 2nd period - Shot by Matthew Highmore.
17:36 of 2nd period - Shot Misses the Net.
17:38 of 2nd period - Shot by Marcus Foligno.
17:38 of 2nd period - Stopped by Brian Elliott without a rebound.
17:39 of 2nd period - Dylan Larkin wins face-off versus Erik Haula in SAN JOSE Sharks zone.
18:57 of 2nd period - Sean Couturier is hit by Phillip Danault and loses puck.
19:09 of 2nd period - Tom Wilson is hit by Phillip Danault and loses puck.
Goals for this period are 2 for SAN JOSE Sharks vs 0 for ST. LOUIS Blues .
Shots for this period are 9 for SAN JOSE Sharks vs 7 for ST. LOUIS Blues .

3rd period


0:01 of 3rd period - Zemgus Girgensons wins face-off versus Dylan Larkin in neutral zone.
0:24 of 3rd period - Shot by Derek Stepan.
0:24 of 3rd period - Deflect By Zemgus Girgensons.
0:24 of 3rd period - Shot Misses the Net.
0:32 of 3rd period - Shot by Derek Stepan.
0:32 of 3rd period - Stopped by Mackenzie Blackwood with a rebound.
0:40 of 3rd period - Shot by Derek Stepan.
0:40 of 3rd period - Shot Misses the Net.
0:42 of 3rd period - Shot by Marcus Pettersson.
0:42 of 3rd period - Stopped by Mackenzie Blackwood without a rebound.
0:43 of 3rd period - Sean Couturier wins face-off versus Craig Smith in ST. LOUIS Blues zone.
0:56 of 3rd period - Shot by David Perron.
0:56 of 3rd period - Shot Misses the Net.
1:11 of 3rd period - Icing by James Neal.
1:12 of 3rd period - Michael McLeod wins face-off versus Craig Smith in ST. LOUIS Blues zone.
1:12 of 3rd period - Josh Anderson is hit by Brayden McNabb.
1:20 of 3rd period - Shot by Michael McLeod.
1:20 of 3rd period - Shot Misses the Net.
1:38 of 3rd period - James Neal is hit by Michael McLeod and loses puck.
1:48 of 3rd period - Off-side.
1:49 of 3rd period - Dominic Kubalik wins face-off versus Zemgus Girgensons in neutral zone.
2:45 of 3rd period - Icing by Zemgus Girgensons.
2:46 of 3rd period - Phillip Danault wins face-off versus Zemgus Girgensons in SAN JOSE Sharks zone.
2:47 of 3rd period - Shot by Brendan Gallagher.
2:47 of 3rd period - Shot Hit the Post.
4:06 of 3rd period - Icing by Zach Whitecloud.
4:07 of 3rd period - Craig Smith wins face-off versus Michael McLeod in ST. LOUIS Blues zone.
4:07 of 3rd period - Craig Smith is hit by Michael McLeod.
4:10 of 3rd period - Minor Penalty to Michael McLeod for Holding.
4:11 of 3rd period - Jesper Bratt wins face-off versus Zemgus Girgensons in SAN JOSE Sharks zone.
4:14 of 3rd period - Shot by Dylan Larkin.
4:14 of 3rd period - Stopped by Brian Elliott without a rebound.
4:15 of 3rd period - Phillip Danault wins face-off versus Zemgus Girgensons in SAN JOSE Sharks zone.
4:47 of 3rd period - Shot by Dominic Kubalik.
4:47 of 3rd period - Shot Misses the Net.
5:13 of 3rd period - Shot by Justin Schultz.
5:13 of 3rd period - Stopped by Brian Elliott without a rebound.
5:14 of 3rd period - Derek Stepan wins face-off versus Dylan Larkin in SAN JOSE Sharks zone.
5:26 of 3rd period - Shot by Justin Schultz.
5:26 of 3rd period - Shot Blocked by Ondrej Palat.
5:36 of 3rd period - Shot by Justin Schultz.
5:36 of 3rd period - Stopped by Brian Elliott without a rebound.
5:37 of 3rd period - Derek Stepan wins face-off versus Phillip Danault in SAN JOSE Sharks zone.
6:12 of 3rd period - Shot by Marcus Foligno.
6:12 of 3rd period - Shot Misses the Net.
6:42 of 3rd period - Icing by Matthew Highmore.
6:43 of 3rd period - Michael McLeod wins face-off versus Jake Leschyshyn in ST. LOUIS Blues zone.
6:43 of 3rd period - Josh Anderson is hit by Justin Schultz and loses puck.
6:56 of 3rd period - Shot by Brendan Perlini.
6:56 of 3rd period - Stopped by Mackenzie Blackwood without a rebound.
6:57 of 3rd period - Zemgus Girgensons wins face-off versus Dylan Larkin in ST. LOUIS Blues zone.
7:16 of 3rd period - Shot by Zemgus Girgensons.
7:16 of 3rd period - Shot Misses the Net.
7:50 of 3rd period - Shot by Tom Wilson.
7:50 of 3rd period - Shot Misses the Net.
7:52 of 3rd period - Shot by Tom Wilson.
7:52 of 3rd period - Stopped by Mackenzie Blackwood without a rebound.
7:53 of 3rd period - Erik Haula wins face-off versus Craig Smith in ST. LOUIS Blues zone.
8:00 of 3rd period - Shot by Lucas Raymond.
8:00 of 3rd period - Shot Hit the Post.
9:18 of 3rd period - Shot by Phillip Danault.
9:18 of 3rd period - Shot Blocked by Vincent Desharnais.
9:20 of 3rd period - Shot by Phillip Danault.
9:20 of 3rd period - Shot Blocked by Sean Couturier .
9:24 of 3rd period - Shot by Brendan Gallagher.
9:24 of 3rd period - Goal by Brendan Gallagher - SAN JOSE Sharks : 3 - ST. LOUIS Blues : 5.
9:25 of 3rd period - Zemgus Girgensons wins face-off versus Jesper Bratt in neutral zone.
9:27 of 3rd period - Off-side.
9:28 of 3rd period - Dylan Larkin wins face-off versus Zemgus Girgensons in neutral zone.
10:02 of 3rd period - Ondrej Palat is hit by Brayden McNabb and loses puck.
10:05 of 3rd period - Shot by Nathan Beaulieu.
10:05 of 3rd period - Shot Misses the Net.
10:07 of 3rd period - Shot by Ondrej Palat.
10:07 of 3rd period - Shot Blocked by Brayden McNabb.
10:12 of 3rd period - Minor Penalty to Brayden McNabb for Roughing.
10:13 of 3rd period - Sean Couturier wins face-off versus Phillip Danault in ST. LOUIS Blues zone.
10:14 of 3rd period - Shot by Marcus Pettersson.
10:14 of 3rd period - Deflect By Sean Couturier .
10:14 of 3rd period - Shot Blocked by Jonas Brodin.
10:30 of 3rd period - Shot by Marcus Pettersson.
10:30 of 3rd period - Stopped by Mackenzie Blackwood without a rebound.
10:31 of 3rd period - Phillip Danault wins face-off versus Tom Wilson in ST. LOUIS Blues zone.
10:45 of 3rd period - Shot by Sean Couturier .
10:45 of 3rd period - Shot Misses the Net.
10:50 of 3rd period - Mike Hoffman is hit by Jonas Brodin and loses puck.
11:59 of 3rd period - Shot by Ondrej Palat.
11:59 of 3rd period - Deflect By Derek Stepan.
11:59 of 3rd period - Goal by Derek Stepan - SAN JOSE Sharks : 4 - ST. LOUIS Blues : 5.
12:00 of 3rd period - Erik Haula wins face-off versus Dylan Larkin in neutral zone.
12:56 of 3rd period - Icing by Brayden McNabb.
12:57 of 3rd period - Zemgus Girgensons wins face-off versus Craig Smith in ST. LOUIS Blues zone.
13:04 of 3rd period - Shot by Zemgus Girgensons.
13:04 of 3rd period - Shot Misses the Net.
13:06 of 3rd period - Shot by Ondrej Palat.
13:06 of 3rd period - Shot Blocked by Brayden McNabb.
14:08 of 3rd period - Shot by Brendan Gallagher.
14:08 of 3rd period - Shot Misses the Net.
14:11 of 3rd period - Icing by Nathan Beaulieu.
14:12 of 3rd period - Dylan Larkin wins face-off versus Sean Couturier in SAN JOSE Sharks zone.
14:26 of 3rd period - Off-side.
14:27 of 3rd period - Jake Leschyshyn wins face-off versus Michael McLeod in neutral zone.
14:27 of 3rd period - Luke Schenn is hit by Josh Anderson.
14:31 of 3rd period - Shot by Matthew Highmore.
14:31 of 3rd period - Shot Misses the Net.
14:36 of 3rd period - Matthew Highmore is hit by Vincent Desharnais and loses puck.
14:40 of 3rd period - Jake Leschyshyn is hit by Vincent Desharnais and loses puck.
14:57 of 3rd period - Shot by Brendan Perlini.
14:57 of 3rd period - Shot Hit the Post.
15:05 of 3rd period - Shot by Marcus Foligno.
15:05 of 3rd period - Shot Misses the Net.
15:35 of 3rd period - Shot by Justin Schultz.
15:35 of 3rd period - Stopped by Brian Elliott with a rebound.
16:12 of 3rd period - Shot by Zemgus Girgensons.
16:12 of 3rd period - Stopped by Mackenzie Blackwood without a rebound.
16:13 of 3rd period - Sean Couturier wins face-off versus Craig Smith in ST. LOUIS Blues zone.
17:30 of 3rd period - Shot by Jesper Bratt.
17:30 of 3rd period - Stopped by Brian Elliott without a rebound.
17:31 of 3rd period - Zemgus Girgensons wins face-off versus Phillip Danault in SAN JOSE Sharks zone.
18:14 of 3rd period - Shot by Cody Ceci.
18:14 of 3rd period - Stopped by Mackenzie Blackwood without a rebound.
18:15 of 3rd period - Sean Couturier wins face-off versus Dylan Larkin in ST. LOUIS Blues zone.
18:19 of 3rd period - Tom Wilson is hit by Jeremy Lauzon and loses puck.
18:58 of 3rd period - Dominic Kubalik is hit by Marcus Pettersson and loses puck.
19:24 of 3rd period - SAN JOSE Sharks , Brian Elliott is pulled from the net.
19:32 of 3rd period - Shot by Justin Schultz.
19:32 of 3rd period - Goal by Justin Schultz - SAN JOSE Sharks : 4 - ST. LOUIS Blues : 6.
19:32 of 3rd period - Brian Elliott from SAN JOSE Sharks was sent back in the game.
19:33 of 3rd period - Erik Haula wins face-off versus Craig Smith in neutral zone.
19:37 of 3rd period - Connor Brown is hit by Zach Whitecloud and loses puck.
19:41 of 3rd period - Icing by Brayden McNabb.
19:42 of 3rd period - Craig Smith wins face-off versus Erik Haula in ST. LOUIS Blues zone.
19:49 of 3rd period - Shot by Brayden McNabb.
19:49 of 3rd period - Stopped by Brian Elliott with a rebound.
19:51 of 3rd period - Shot by Brayden McNabb.
19:51 of 3rd period - Stopped by Brian Elliott without a rebound.
19:52 of 3rd period - Zemgus Girgensons wins face-off versus Dylan Larkin in SAN JOSE Sharks zone.
Goals for this period are 1 for SAN JOSE Sharks vs 2 for ST. LOUIS Blues .
Shots for this period are 8 for SAN JOSE Sharks vs 9 for ST. LOUIS Blues .